 Dungeon Crawl Stone Soup version 0.13.0-29-gdb529de (webtiles) character file.

412 Lilouch the Sneak (level 5, -2/31 HPs)
             Began as an Octopode Fire Elementalist on Nov 5, 2013.
             Slain by kober's ghost (14 damage)
             ... on Level 3 of the Dungeon.
             The game lasted 00:14:36 (3071 turns).

Lilouch the Sneak (Octopode Fire Elementalist)      Turns: 3071, Time: 00:14:36

HP  -2/31        AC  1     Str  7      XL: 5   Next: 62%
MP   4/9         EV 12     Int 19      God:
Gold 230         SH  0     Dex 12      Spells:  2 memorised,  3 levels left

Res.Fire  : . . .   See Invis. : .   q - +0 spear
Res.Cold  : . . .   Warding    : .   (no shield)
Life Prot.: . . .   Conserve   : .   (helmet restricted)
Res.Poison: .       Res.Corr.  : .   (no amulet)
Res.Elec. : .       Clarity    : .   k - ring of flight
Sust.Abil.: . .     Spirit.Shd : .   (no ring)
Res.Mut.  : .       Stasis     : .   (no ring)
Res.Rott. : .       Flight     : .   (no ring)
Saprovore : . . .                    (no ring)
                                     (no ring)
                                     (no ring)
                                     (no ring)

@: slightly resistant to hostile enchantments, quite stealthy
A: almost no armour, amphibious, 8 rings, constrict 8, camouflage 1, AC +1
a: Evoke Flight


You were on level 3 of the Dungeon.
You were not hungry.

You visited 1 branch of the dungeon, and saw 3 of its levels.

You collected 210 gold pieces.

Inventory:

Hand weapons
 a - a +0,+0 dagger
 d - a +2,+0 dagger (quivered)
 g - a +0,+0 orcish dagger
 l - a -1,+1 orcish dagger
 n - a +0,+1 orcish dagger
 q - a +0,+0 spear (weapon)
 t - a +0,+0 dagger
 x - a +0,+0 dagger
 y - a +2,+0 elven dagger
 A - a +2,+0 flail of protection
Comestibles
 c - 3 bread rations
 B - 3 chunks of gnoll flesh
 C - a chunk of rat flesh
 D - a chunk of bat flesh
Scrolls
 f - 2 scrolls of amnesia {unknown}
 h - a scroll of enchant armour {unknown}
 j - 3 scrolls of remove curse {unknown}
 m - 2 scrolls of identify {unknown}
 o - a scroll of curse weapon {unknown}
 p - a scroll of enchant weapon II {unknown}
 s - a scroll of enchant weapon I {unknown}
 w - a scroll of curse armour {unknown}
Jewellery
 k - a ring of flight (left tentacle)
Potions
 e - a potion of heal wounds {unknown}
 i - 2 potions of might {unknown}
 r - a potion of cure mutation {unknown}
 u - a potion of restore abilities {unknown}
 v - a potion of invisibility {unknown}
 z - a potion of brilliance {unknown}
Books
 b - a book of Flames

   Spells                             Type                      Level
   *Flame Tongue                      Conjuration/Fire             1
   Throw Flame                        Conjuration/Fire             2
   *Conjure Flame                     Conjuration/Fire             3
   Inner Flame                        Hexes/Fire                   3
   Sticky Flame                       Conjuration/Fire             4
   Fireball                           Conjuration/Fire             5


   Skills:
 - Level 2.6 Dodging
 + Level 3.9 Stealth
 + Level 1.8 Spellcasting
 * Level 3.5 Conjurations
 + Level 3.6 Fire Magic


You had 3 spell levels left.
You knew the following spells:

 Your Spells              Type           Power        Failure   Level  Hunger
a - Flame Tongue          Conj/Fire      ###..        4%          1    #......
b - Conjure Flame         Conj/Fire      ###.....     12%         3    ####...


Dungeon Overview and Level Annotations

Branches:
Dungeon (3/27)

Altars:
Nemelex Xobeh
the Shining One

Annotations:
D:3 kober's ghost, average TrAr


Innate Abilities, Weirdness & Mutations

You cannot wear most types of armour.
You are amphibious.
You can wear up to eight rings at the same time.
You can use your tentacles to constrict many enemies at once.
Your skin changes colour to match your surroundings (Stlth).
Your rubbery body absorbs attacks (AC +1).


Message History

Kober's ghost is almost destroyed.
Attack whom?
Press: ? - help, Dir - move target cursor, f/p - kober's ghost
Aim: kober's ghost (almost destroyed)
You reach to attack!
You barely miss kober's ghost.
Kober's ghost is almost destroyed.
Kober's ghost whispers, "The ORB doesn't exist."
Attack whom?
Press: ? - help, Dir - move target cursor, f/p - kober's ghost
Aim: kober's ghost (almost destroyed)
You reach to attack!
You hit kober's ghost but do no damage.
Kober's ghost is almost destroyed.
Attack whom?
Press: ? - help, Dir - move target cursor, f/p - kober's ghost
Aim: kober's ghost (almost destroyed)
You hit kober's ghost.
You squeeze kober's ghost, but do no damage.
Kober's ghost is almost destroyed.
Kober's ghost hits you!
You die...

...............................[.
######.##########.#######....%...
#.# #.#############.# #.#
#<##...# ##.# #.# #.##...# #...
#.# #.##...#######... #.#
#.##.............
######.##########.##...#######...
...............p@.).....)........
######.##########.###.########...
#.# #.# #.# ##.# #.# #.# #.# #.#
#.###### #.# #.#########.#
#......# #.# #.#......##.#
#......# #.# #.#......##.#
#......# #.# #.#......##.#
#......#####.# #.#......##.#


You could see kober's ghost.

Vanquished Creatures
  An orc priest (D:3)
  Ijyb (D:3)
  2 adders
  3 gnolls (D:3)
  A giant mite (D:1)
  2 worms (D:3)
  3 giant geckos
  An ooze (D:1)
  4 orcs (D:3)
  10 bats
  12 goblins
  8 hobgoblins
  4 jackals
  2 giant cockroaches
  A giant newt (D:3)
  5 kobolds
  9 rats
69 creatures vanquished.

Notes
Turn   | Place    | Note
--------------------------------------------------------------
     0 | D:1      | Lilouch, the Octopode Fire Elementalist, began the quest for the Orb.
     0 | D:1      | Reached XP level 1. HP: 11/11 MP: 3/3
    38 | D:1      | Reached XP level 2. HP: 12/17 MP: 2/4
   136 | D:1      | Found a sparkling altar of Nemelex Xobeh.
   474 | D:1      | Reached XP level 3. HP: 19/21 MP: 5/5
   921 | D:2      | Found a glowing golden altar of the Shining One.
  1304 | D:2      | HP: 1/21 [poisoned by an adder]
  1683 | D:2      | Reached XP level 4. HP: 19/27 MP: 3/7
  2052 | D:3      | Learned a level 3 spell: Conjure Flame
  2374 | D:3      | Noticed Ijyb
  2391 | D:3      | Killed Ijyb
  2613 | D:3      | Reached XP level 5. HP: 10/31 MP: 1/9
  3001 | D:3      | Noticed kober's ghost (average TrAr)
  3071 | D:3      | Slain by kober's ghost

Action                   |  1- 3 |  4- 6 || total
-------------------------+-------+-------++-------
Melee: Unarmed           |     5 |       ||     5
       Dagger            |    51 |    33 ||    84
       Spear             |       |    83 ||    83
Throw: Dagger            |     1 |       ||     1
 Cast: Flame Tongue      |    37 |    24 ||    61
       Conjure Flame     |       |     9 ||     9
 Abil: Evoke Flight      |     1 |       ||     1
 Stab: Sleeping          |     3 |     5 ||     8
